 Dungeon Crawl Stone Soup version 0.30-a0-1163-gf69bf04e7a (webtiles) character file.

Game seed: 18392785687606357

287 IdlyInterested the Shield-Bearer (level 6, -2/48 HPs)
             Began as a Demonspawn Fighter on Apr 28, 2023.
             Engulfed by a steam dragon's steam (10 damage)
             ... on level 5 of the Dungeon.
             The game lasted 00:11:51 (3732 turns).

IdlyInterested the Shield-Bearer (DsFi)             Turns: 3732, Time: 00:11:52

Health: -2/48      AC:  6    Str: 16    XL:     6   Next: 8%
Magic:  6/6        EV:  8    Int: 15    God:
Gold:   16         SH: 13    Dex: 15    Spells: 5/5 levels left

rFire   . . .        B - +1 short sword (speed)
rCold   . . .        f - +0 tower shield
rNeg    . . .        G - +1 leather armour {Will+}
rPois   .            v - +1 hat {SInv}
rElec   .            t - +0 cloak
rCorr   .            (no gloves)
SInv    +            (no boots)
Will    +....        y - amulet of regeneration
Stlth   +            o - +6 ring of intelligence
HPRegen 1.08/turn    (no ring)
MPRegen 0.10/turn

%: no passive effects
@: no status effects
A: hooves 1, powered by death 1
a: no special abilities


You were on level 5 of the Dungeon.
You visited 2 branches of the dungeon, and saw 6 of its levels.

You collected 184 gold pieces.
You spent 168 gold pieces at shops.

Inventory:

Hand Weapons
 a - a +0 rapier
 b - a +3 spear
 k - a +0 short sword
 B - a +1 short sword of speed (weapon)
Missiles
 e - 46 stones (quivered)
 j - 7 poisoned darts
Armour
 c - a +0 buckler
 f - a +0 tower shield (worn)
 t - a +0 cloak (worn)
 v - a +1 hat of see invisible (worn)
 z - an orb of energy
 G - a +1 leather armour of willpower (worn)
Jewellery
 o - a +6 ring of intelligence (left hand)
 y - an amulet of regeneration (around neck)
Scrolls
 g - 5 scrolls of immolation {unknown}
 h - a scroll of noise {unknown}
 i - 6 scrolls of identify {unknown}
 l - a scroll of vulnerability {unknown}
 n - 6 scrolls of fear
 p - a scroll of enchant weapon {unknown}
 q - a scroll of enchant armour {unknown}
 s - a scroll of amnesia {unknown}
 u - a scroll of poison
 A - a scroll of torment {unknown}
 C - a scroll of teleportation {unknown}
 D - 2 scrolls of fog
 F - a scroll of blinking {unknown}
 H - a scroll of magic mapping {unknown}
 I - a scroll of brand weapon {unknown}
Potions
 d - a potion of might
 m - a potion of degeneration {unknown}
 r - a potion of brilliance {unknown}
 w - 2 potions of curing {unknown}
 x - a potion of heal wounds {unknown}
 E - a potion of magic {unknown}


   Skills:
 - Level 4.0 Fighting
 - Level 1.7 Short Blades
 - Level 1.0 Throwing
 - Level 3.0 Armour
 + Level 2.0 Dodging
 - Level 1.0 Stealth
 * Level 4.6 Shields
 - Level 1.0 Evocations


You had 5 spell levels left.
You didn't know any spells.
Your spell library contained the following spells:

 Spells                   Type           Power      Damage    Failure   Level
 Blink                    Tloc           0%         N/A       99%         2
 Lesser Beckoning         Tloc           0%         N/A       99%         2
 Momentum Strike          Conj/Tloc      0%         3d8       99%         2
 Tukima's Dance           Hex            0%         N/A       100%        3
 Passage of Golubria      Tloc           0%         N/A       100%        4
 Yara's Violent Unravell  Hex/Tmut       0%         3d3       100%        5


Dungeon Overview and Level Annotations

Branches:
Dungeon (5/15)             Temple (1/1) D:4

Altars:
Ashenzari
Cheibriados
Dithmenos
Fedhas
Kikubaaqudgha
Makhleb
Nemelex Xobeh
Okawaru
Ru
Sif Muna
Uskayaw
Vehumet
Wu Jian
Xom

Shops:
D:2 ?   D:4 (


Innate Abilities, Weirdness & Mutations

You have large cloven feet.
You regenerate a little health from kills.


Message History

You hear the slow rusting of a very distant drain.
e - 46 stones (gained 3)
A steam dragon comes into view.
The steam dragon hisses angrily.
The steam dragon breathes steam at you. The ball of steam hits you!
You are engulfed in a cloud of scalding steam.
You barely miss the steam dragon. You kick the steam dragon.
The steam dragon is lightly wounded.
You are engulfed in a cloud of scalding steam.
You block the steam dragon's attack. The steam dragon closely misses you.
You hit the steam dragon but do no damage.
The steam dragon is lightly wounded.
You block the steam dragon's attack. x2
You hit the steam dragon but do no damage.
The steam dragon is lightly wounded.
The steam dragon bites you. You block the steam dragon's attack.
You hit the steam dragon.
The steam dragon is lightly wounded.
The steam dragon bites you but does no damage.
You block the steam dragon's attack.
You hit the steam dragon but do no damage.
Your kick misses the steam dragon.
The steam dragon is lightly wounded.
The steam dragon breathes steam at you. The ball of steam hits you!
* * * LOW HITPOINT WARNING * * *
You barely miss the steam dragon.
You kick the steam dragon, but do no damage.
The steam dragon is lightly wounded.
You are engulfed in a cloud of scalding steam.
* * * LOW HITPOINT WARNING * * *
The steam dragon bites you.
* * * LOW HITPOINT WARNING * * *
You block the steam dragon's attack.
You hit the steam dragon.
You kick the steam dragon, but do no damage.
The steam dragon is moderately wounded.
You are engulfed in a cloud of scalding steam.
You die...

#.# #.# #.# #.#
#.# #.#
...####.##########
.#...............#
...###.#########.#
### #.# #§# #.#
#§# #.# #@# #.#
#D# #.# #.# #.#
..# ###


You could see a steam dragon (catching breath).

Vanquished Creatures
  A scorpion (D:4)
  A hound (D:4)
  Crazy Yiuf (D:2)
  An orc priest (D:4)
  4 adders
  3 worms
  3 dart slugs
  6 orcs (D:4)
  3 ball pythons
  7 endoplasms
  4 giant cockroaches
  7 goblins
  8 hobgoblins
  8 jackals
  4 quokkas
  5 bats
  5 frilled lizards
  6 kobolds
  2 rats (D:1)
79 creatures vanquished.

Notes
Turn   | Place    | Note
-------+----------+-------------------------------------------
     0 | D:1      | IdlyInterested the Demonspawn Fighter began the quest for
                  | the Orb.
     0 | D:1      | Reached XP level 1. HP: 18/18 MP: 1/1
   237 | D:1      | Gained mutation: You have large cloven feet. [demonic
                  | ancestry]
   237 | D:1      | Reached XP level 2. HP: 24/24 MP: 2/2
   304 | D:1      | Reached skill level 1 in Evocations
   918 | D:2      | Reached XP level 3. HP: 19/29 MP: 3/3
   970 | D:2      | Reached skill level 1 in Throwing
   972 | D:2      | Found Hainujo's Magic Scroll Boutique.
  1194 | D:2      | Reached skill level 1 in Stealth
  1253 | D:2      | Gained mutation: You regenerate a little health from kills.
                  | [demonic ancestry]
  1253 | D:2      | Reached XP level 4. HP: 35/35 MP: 4/4
  1468 | D:2      | Found a shimmering altar of Xom.
  1518 | D:2      | Found a runed translucent door.
  1519 | D:2      | Noticed Crazy Yiuf
  1722 | D:2      | Killed Crazy Yiuf
  1796 | D:2      | Bought a scroll of poison for 56 gold pieces
  2187 | D:3      | Found a radiant altar of Vehumet.
  2353 | D:2      | Bought a scroll of fear for 56 gold pieces
  2499 | D:4      | Found Gaarir's Weapon Shop.
  2599 | D:4      | Reached skill level 1 in Dodging
  2676 | D:4      | Reached XP level 5. HP: 42/42 MP: 5/5
  2795 | D:4      | Found a sparkling altar of Nemelex Xobeh.
  2904 | D:4      | Found a staircase to the Ecumenical Temple.
  2918 | Temple   | Entered the Ecumenical Temple
  3285 | D:4      | Reached XP level 6. HP: 44/48 MP: 6/6
  3595 | D:2      | Bought a scroll of fog for 56 gold pieces
  3656 | D:5      | Entered Level 5 of the Dungeon
  3721 | D:5      | Noticed a steam dragon
  3732 | D:5      | Engulfed by a steam dragon's steam

Illustrated notes

Levels and vault maps discovered:
D:1:      shiori_arrival_oz, layout_basic
D:2:      layout_rooms, serial_shops, nicolae_shop_statue_plus, basic_altar,
          serial_rivers, chequers_serial_rivers_micro_e,
          chequers_serial_rivers_marsh, chequers_serial_rivers_room_b,
          chequers_serial_rivers_micro_c, chequers_serial_rivers_micro_a,
          chequers_serial_rivers_small_3, uniq_crazy_yiuf_cottage
D:3:      layout_basic, mainiacjoe_overflow_alcove_1
D:4:      layout_basic, mainiacjoe_overflow_six_doors_small, temple_green,
          grunt_decor_junction, chequers_serial_rivers_micro_c,
          nicolae_stop_n_shop_1
D:5:      minmay_diamond_boxcup, layout_loops_ring, portal_sewer_entry_e,
          chequers_serial_rivers_micro_b, minmay_checkerbox
Temple:   nicolae_temple_ecumenical_triangle

Skill      XL: |  1  2  3  4  5  6 |
---------------+-------------------+-----
Armour         | 3 |  3.0
Evocations     | 1 |  1.0
Shields        | 3 4 |  4.6
Throwing       | 1 |  1.0
Stealth        | 1 |  1.0
Dodging        | 1 2 |  2.0
Fighting       | 4 |  4.0
Short Blades   | |  1.7

Action                     |  1- 3 |  4- 6 || total
---------------------------+-------+-------++-------
  Melee: Rapier            |    97 |    74 ||   171
         Kick              |    17 |    52 ||    69
         Short sword       |       |   102 ||   102
  Throw: Stone             |       |     9 ||     9
    Use: Potion            |       |     1 ||     1
   Stab: Sleeping          |       |     4 ||     4
 Armour: Scale mail        |    44 |    59 ||   103
         Leather armour    |       |    11 ||    11
  Dodge: Dodged            |    41 |    50 ||    91
  Block: Buckler           |    18 |    10 ||    28
         Tower shield      |       |    55 ||    55

Table legend: (Time is in decaauts)
 A = Elapsed time spent in this place.
 B = Non-inter-level travel time spent in this place.
 C = Inter-level travel time spent in this place.
 D = Time resting spent in this place.
 E = Time spent auto-exploring this place.
 F = Levels seen in this place.
 G = Mean time per level.
                   A        B        C        D        E       F      G
               +--------+--------+--------+--------+--------+-----+--------+
         Total |   3770 |   3185 |    585 |    173 |   2039 |   6 |  628.3 |
       Dungeon |   3720 |   3135 |    585 |    173 |   2021 |   5 |  744.0 |
        Temple |     49 |     49 |      0 |      0 |     18 |   1 |   49.0 |
               +--------+--------+--------+--------+--------+-----+--------+

Top non-repeatable levels by time:
     D:2: 1077 daAuts
     D:4: 1025 daAuts
     D:1: 891 daAuts
     D:3: 650 daAuts
     D:5: 75 daAuts
  Temple: 49 daAuts
